 Dungeon Crawl Stone Soup version 0.29.1-1-gd02db6906a (webtiles) character file.

Game seed: 14212494332653082758

2404 RogueRain17 the Destroyer (level 9, -7/57 HPs)
             Began as a Demonspawn Conjurer on Sept 24, 2022.
             Mangled by an orc knight
             ... wielding a +0 war axe
              (27 damage)
             ... in a bailey.
             The game lasted 00:18:08 (9844 turns).

RogueRain17 the Destroyer (Demonspawn Conjurer)     Turns: 9844, Time: 00:18:09

Health: -7/57      AC:  2    Str:  8    XL:     9   Next: 23%
Magic:  4/12       EV: 14    Int: 31    God:
Gold:   451        SH:  9    Dex: 11    Spells: 5/12 levels left

rFire   + . .      SeeInvis .   e - +2 morningstar (distort)
rCold   . . .      Faith    .   (no shield)
rNeg    . . .      Spirit   .   a - +0 robe
rPois   .          Reflect  +   (no helmet)
rElec   .          Harm     .   (no cloak)
rCorr   .          Rampage  .   (no gloves)
Will    .....                   (no boots)
Stlth   ++........              d - amulet of reflection
HPRegen 0.19/turn               q - ring "Zall" {rF+ Int+7}
MPRegen 0.13/turn               (no ring)

@: no status effects
A: repulsion field 1, spiny 1, condensation shield
a: no special abilities


You were in a bailey.
You visited 1 branch of the dungeon, and saw 8 of its levels.
You also visited: Bailey.

You collected 451 gold pieces.

Inventory:

Hand Weapons
 e - a +2 morningstar of distortion (weapon)
Missiles
 p - a throwing net
Armour
 a - a +0 robe (worn)
Jewellery
 d - an amulet of reflection (around neck)
 q - the ring "Zall" (left hand) {rF+ Int+7}
   (You found it on level 3 of the Dungeon)

   [ring of protection from fire]

   Int:       It affects your intelligence (+7).
   rF:        It protects you from fire.
 y - a ring of flight
 E - an amulet of faith
 F - a ring of fire
Wands
 r - a wand of digging (8)
 v - a wand of paralysis (7)
 w - a wand of flame (7)
Scrolls
 c - 2 scrolls of fear
 f - 3 scrolls of amnesia
 g - 2 scrolls of vulnerability
 i - a scroll of blinking
 n - 5 scrolls of immolation
 o - 3 scrolls of magic mapping {unknown}
 s - 2 scrolls of enchant armour {unknown}
 t - 2 scrolls of summoning {unknown}
 x - 2 scrolls of fog {unknown}
 A - 2 scrolls of teleportation {unknown}
 C - a scroll of poison {unknown}
Potions
 b - a potion of magic
 h - 3 potions of haste {unknown}
 j - 5 potions of flight
 k - a potion of degeneration {unknown}
 l - 3 potions of brilliance {unknown}
 m - 2 potions of curing {unknown}
 u - a potion of mutation {unknown}
 z - 2 potions of might {unknown}
 B - 2 potions of attraction {unknown}
 D - a potion of heal wounds {unknown}


   Skills:
 - Level 1.7 Dodging
 - Level 1.7 Stealth
 - Level 2.0 Spellcasting
 + Level 13.0 Conjurations


You had 5 spell levels left.
You knew the following spells:

 Your Spells              Type           Power      Damage    Failure   Level
a - Magic Dart            Conj           100%       1d8       1%          1
b - Searing Ray           Conj           100%       2d8       1%          2
c - Iskenderun's Mystic   Conj/Tloc      43%        2d10      4%          4

Your spell library contained the following spells:

 Spells                   Type           Power      Damage    Failure   Level
 Dazzling Flash           Conj/Hex       86%        N/A       1%          3
 Fulminant Prism          Conj/Hex       21%        3d13      4%          4
 Ensorcelled Hibernation  Hex/Ice        6%         N/A       11%         2
 Passwall                 Tmut/Erth      2%         N/A       11%         2
 Sublimation of Blood     Necr           3%         N/A       11%         2
 Wereblood                Tmut           3%         N/A       11%         2
 Spider Form              Tmut/Pois      3%         N/A       22%         3
 Swiftness                Air            3%         N/A       22%         3
 Anguish                  Hex/Necr       1%         N/A       58%         4
 Summon Hydra             Summ           1%         N/A       100%        7


Dungeon Overview and Level Annotations

Branches:
Dungeon (8/15)             Temple (0/1) D:4          Bailey (1/1)
   Lair: D:8-11

Altars:
Nemelex Xobeh
Ru
Trog
Wu Jian

Annotations:
D:4 exclusion: door, Grinder
D:7 exclusion: hornet, Joseph


Innate Abilities, Weirdness & Mutations

You are surrounded by a mild repulsion field. (EV +2)
You are partially covered in sharp spines.
A meltable shield of frost defends you. (SH +4)


Message History

The orc knight is lightly wounded.
The searing ray hits the orc warrior!
The orc warrior is severely wounded.
You finish channelling your searing ray.
You hit the orc knight but do no damage.
The orc knight is lightly wounded.
The orc knight blinks!
Casting: Searing Ray (safe; 1% risk of failure)
Confirm with . or Enter, or press ? or * to list all spells.
Aiming: Searing Ray (safe; 1% risk of failure)
Press: ? - help, Shift-Dir - straight line The searing ray hits the orc warrior but does no damage.
The orc warrior is severely wounded.
The searing ray hits the orc knight.
The orc knight is moderately wounded. (Press . to maintain the ray.)
The orc warrior misses you.
The searing ray hits the orc warrior.
The orc warrior is severely wounded.
The searing ray hits the orc knight.
The orc knight is moderately wounded.
The orc knight barely misses you. You block the orc warrior's attack.
You closely miss the orc knight.
The orc knight is moderately wounded.
You block the orc knight's attack. The orc warrior completely misses you.
You closely miss the orc knight.
The orc knight is moderately wounded.
The orc knight barely misses you. You block the orc warrior's attack.
The orc knight barely misses you.
The orc warrior hits you with a +0 war axe!
You thump the orc knight!
The orc knight is moderately wounded.
The orc knight hits you with a +0 war axe!!
The orc warrior is struck by your spines.
The orc warrior misses you.
You barely miss the orc knight.
The orc knight is moderately wounded.
The orc knight is struck by your spines.
The orc knight hits you with a +0 war axe!!
You die...

#############
............####
#..oo.......## #@........##
#....⌠..... #. ###.......#
###o. #.....### #K ...
^...###......#### .#.
####'####..#..(.(≈≈≈≈≈≈≈
≈####.......####..≈(≈≈≈≈≈≈≈#
≈≈≈K#...!go.#∩≈≈≈≈≈≈~....##
≈≈≈≈#########≈≈≈≈≈......##


You could see an orc knight and an orc warrior.

Vanquished Creatures
  A wyvern (D:8)
  A steam dragon (D:7)
  Menkaure (D:4)
  3 water moccasins
  2 orc warriors
  3 ogres (D:5)
  3 necrophages
  A bullfrog (D:7)
  A scorpion (D:5)
  4 wights (D:7)
  4 jellies
  5 hounds
  2 orc priests (D:4)
  Ijyb (D:3)
  2 iguanas
  An orc wizard (D:7)
  4 gnolls
  11 adders
  2 shadow imps (D:5)
  2 white imps
  2 worms
  15 orcs
  9 endoplasms
  3 giant cockroaches
  15 goblins
  9 hobgoblins
  3 jackals (D:2)
  5 quokkas
  14 ball pythons
  3 bats
  6 frilled lizards (D:1)
  15 kobolds
  5 rats
158 creatures vanquished.

Notes
Turn   | Place    | Note
-------+----------+-------------------------------------------
     0 | D:1      | RogueRain17 the Demonspawn Conjurer began the quest for the
                  | Orb.
     0 | D:1      | Reached XP level 1. HP: 13/13 MP: 3/3
   212 | D:1      | Gained mutation: You are surrounded by a mild repulsion
                  | field. (EV +2) [demonic ancestry]
   212 | D:1      | Reached XP level 2. HP: 19/19 MP: 3/5
   687 | D:1      | Reached skill level 5 in Conjurations
   687 | D:1      | Gained mutation: You are partially covered in sharp spines.
                  | [demonic ancestry]
   687 | D:1      | Reached XP level 3. HP: 24/24 MP: 1/6
  1843 | D:2      | Reached XP level 4. HP: 30/30 MP: 5/7
  2447 | D:3      | Reached skill level 6 in Conjurations
  2769 | D:3      | Learned a level 2 spell: Searing Ray
  2972 | D:3      | Identified the ring "Zall" {rF+ Int+7}
  3066 | D:3      | Noticed Ijyb
  3074 | D:3      | Killed Ijyb
  3075 | D:3      | Reached XP level 5. HP: 22/35 MP: 0/8
  3682 | D:4      | Reached skill level 7 in Conjurations
  3948 | D:4      | Reached XP level 6. HP: 41/41 MP: 1/9
  4114 | D:4      | Found a staircase to the Ecumenical Temple.
  4453 | D:4      | Noticed Grinder
  4759 | D:4      | Noticed Menkaure
  4767 | D:4      | Killed Menkaure
  4768 | D:4      | Reached skill level 8 in Conjurations
  5155 | D:5      | Entered Level 5 of the Dungeon
  5288 | D:5      | Gained mutation: A meltable shield of frost defends you.
                  | (SH +4) [demonic ancestry]
  5288 | D:5      | Reached XP level 7. HP: 41/46 MP: 1/10
  5471 | D:5      | Reached skill level 9 in Conjurations
  6182 | D:5      | Found a bloodstained altar of Trog.
  6315 | D:5      | Reached skill level 10 in Conjurations
  6711 | D:6      | Reached XP level 8. HP: 52/52 MP: 6/11
  6716 | D:6      | Learned a level 4 spell: Iskenderun's Mystic Blast
  7770 | D:6      | Reached skill level 11 in Conjurations
  8054 | D:7      | Found a sacrificial altar of Ru.
  8459 | D:7      | Reached skill level 12 in Conjurations
  8681 | D:7      | Noticed a hornet
  8916 | D:7      | Reached XP level 9. HP: 47/57 MP: 5/12
  9135 | D:7      | Found an ornate altar of the Wu Jian Council.
  9135 | D:7      | Found a sparkling altar of Nemelex Xobeh.
  9236 | D:7      | Noticed Joseph
  9560 | D:8      | Found a flagged portal.
  9569 | Bailey   | Entered a bailey
  9672 | Bailey   | Reached skill level 13 in Conjurations
  9672 | Bailey   | Noticed an orc knight
  9831 | Bailey   | Noticed an orc knight
  9844 | Bailey   | Mangled by an orc knight

Illustrated notes

Levels and vault maps discovered:
D:1:      mushboom_english_gardens, layout_loops_ring, st_stairs_14,
          minmay_tetromino_s4
D:2:      cheibrodos_helix_gallery, layout_basic, kennysheep_cross_bottleneck
D:3:      layout_loops_ring, uniq_ijyb
D:4:      nicolae_BIG_FREAKIN_CUBE, layout_rooms,
          minmay_temple_entry_glassed_door, st_stairs_9, minmay_snake_closets,
          uniq_menkaure, uniq_grinder
D:5:      layout_loops_ring, general_overflow_altar
D:6:      layout_loops_ring, hex_large
D:7:      minmay_general_purpose_star, layout_rooms,
          mainiacjoe_overflow_boulevard, minitemple,
          chequers_serial_rivers_room_a, minmay_misc_feat_encased, uniq_joseph
D:8:      layout_loops_ring, lemuel_coloured_pillars_altar,
          lightli_temple_of_fire, enter_bailey_5
Bailey:   bailey_axe_4, bailey

Skill      XL: |  1  2  3  4  5  6  7  8  9 |
---------------+----------------------------+-----
Conjurations   | 5 6 7 8 10 12 13 | 13.0
Dodging        | |  1.7
Stealth        | |  1.7
Spellcasting   | |  2.0

Action                   |  1- 3 |  4- 6 |  7- 9 || total
-------------------------+-------+-------+-------++-------
Melee: Morningstar       |     6 |    18 |    27 ||    51
 Cast: Magic Dart        |    78 |   109 |   124 ||   311
       Searing Ray       |       |     1 |    17 ||    18
       Iskenderun's Myst |       |       |    12 ||    12
  Use: Scroll            |       |       |     5 ||     5
 Stab: Sleeping          |     1 |       |       ||     1
Armor: Robe              |     1 |     2 |     3 ||     6
Dodge: Dodged            |     6 |    26 |    36 ||    68
Block: Other             |       |       |    16 ||    16
       Reflection        |       |       |     1 ||     1
